 Dungeon Crawl Stone Soup version 0.29-a0-40-g8eb35efe60 (webtiles) character file.

Game seed: 12982712177505122155

5 Hubjo the Grasshopper (level 1, -1/16 HPs)
             Began as a Vampire Warper on Feb 1, 2022.
             Slain by a hobgoblin (2 damage)
             ... on level 2 of the Dungeon.
             The game lasted 00:01:18 (86 turns).

Hubjo the Grasshopper (Vampire Warper)                Turns: 86, Time: 00:01:19

Health: -1/16      AC:  3    Str: 10    XL:     1   Next: 66%
Magic:  3/3        EV: 11    Int: 15    God:
Gold:   0          SH:  0    Dex: 13    Spells: 4/4 levels left

rFire   . . .      SeeInvis +   a - +0 short sword
rCold   . . .      Faith    .   (no shield)
rNeg    . . .      Spirit   .   b - +0 leather armour
rPois   .          Reflect  .   (no helmet)
rElec   .          Harm     .   (no cloak)
rCorr   .          Rampage  .   (no gloves)
Will    .....                   (no boots)
Stlth   +.........              (no amulet)
HPRegen 0.25/turn               (no ring)
MPRegen 0.08/turn               (no ring)

@: healing quickly
A: alive, fangs 3, see invisible, vampiric 1
a: Exsanguinate


You were on level 2 of the Dungeon.
You visited 1 branch of the dungeon, and saw 2 of its levels.

Inventory:

Hand Weapons
 a - a +0 short sword (weapon)
Missiles
 d - 5 boomerangs of dispersal (quivered)
Armour
 b - a +0 leather armour (worn)
Scrolls
 c - a scroll of blinking
Potions
 e - a potion of lignification {unknown}


   Skills:
 + Level 1.7 Fighting
 + Level 2.1 Short Blades
 + Level 0.7 Throwing
 + Level 0.7 Armour
 + Level 2.1 Dodging
 + Level 2.2 Spellcasting
 + Level 2.6 Translocations


You had 4 spell levels left.
You didn't know any spells.
Your spell library contained the following spells:

 Spells                   Type           Power      Damage    Failure   Level
 Blink                    Tloc           18%        N/A       16%         2
 Gell's Gravitas          Tloc           9%         N/A       30%         3
 Lesser Beckoning         Tloc           9%         N/A       30%         3
 Teleport Other           Tloc           9%         N/A       30%         3
 Manifold Assault         Tloc           9%         N/A       96%         5


Dungeon Overview and Level Annotations

Branches:
Dungeon (2/15)

Altars:


Innate Abilities, Weirdness & Mutations

Your natural rate of healing is accelerated.
You have razor-sharp teeth.
You have supernaturally acute eyesight. (SInv)
You are afflicted with vampirism.


Message History

There is a stone staircase leading up here.
There is a stone staircase leading up here.
Found a cyan potion.
e - a cyan potion
There are monsters nearby!
The hobgoblin shouts!
You hit the dart slug.
The dart slug is lightly wounded.
The dart slug closely misses you.
You hit the dart slug.
The dart slug is severely wounded.
The worm misses you.
You hit the dart slug but do no damage. You bite the dart slug.
The dart slug is almost dead.
The dart slug launches a dart at you. The slug dart misses you.
You completely miss the dart slug. You bite the dart slug.
You kill the dart slug!
The worm bites you. The hobgoblin barely misses you.
The hobgoblin hits you but does no damage.
There is a stone staircase leading up here.
You see here a dart slug corpse.
You hit the worm.
The worm is lightly wounded.
The worm barely misses you.
The hobgoblin hits you but does no damage.
You barely miss the worm. You bite the worm.
The worm is lightly wounded.
The worm bites you!
Ouch! That really hurt!
* * * LOW HITPOINT WARNING * * *
The hobgoblin barely misses you.
You barely miss the worm.
The worm is lightly wounded.
The hobgoblin hits you.
* * * LOW HITPOINT WARNING * * *
You hit the worm. Your bite misses the worm.
The worm is lightly wounded.
The worm closely misses you. The hobgoblin hits you.
You die...

### ..######## ##+##
.##
#........####...#
..#
.#######.##...⌠.##
.⌠.. ..#
####.##.#....# ....#
<##
#.......##...###...#
##
#.##.###.#....#....#
# # #.# .##.......#
# #.. .##.@.⌠.>.#
### .##.wg....#
.#....#....#
##$..###...# #....#
....# +.⌠.## .⌠.+
#... ..# ##'# .##


You could see a worm and a hobgoblin.

Vanquished Creatures
  A dart slug (D:2)
  A goblin (D:1)
  A kobold (D:1)
3 creatures vanquished.

Notes
Turn   | Place    | Note
-------+----------+-------------------------------------------
     0 | D:1      | Hubjo the Vampire Warper began the quest for the Orb.
     0 | D:1      | Reached XP level 1. HP: 16/16 MP: 3/3
    86 | D:2      | Slain by a hobgoblin

Illustrated notes

Levels and vault maps discovered:
D:1:      lightli_arrival_boilingwater, layout_loops_corners,
          dilly_ecumenical_altar_fadedgnrine, serial_aquarium,
          aquarium_bridge_straight [aquarium_subvault_bridge,
          aquarium_subvault_wall, aquarium_subvault_bridge,
          aquarium_subvault_wall], aquarium_window_corner, aquarium_window_fake,
          aquarium_view_2b, aquarium_pool_four
D:2:      layout_loops_corners, amcnicky_mini_rare_corridor_liquid,
          grunt_ministairs_13, minmay_pentomino_p2, uniq_crazy_yiuf_cottage

Action                   || total
-------------------------++-------
Melee: Short sword       ||    13
       Bite              ||     3
Armor: Leather armour    ||     2
Dodge: Dodged            ||     9

Table legend: (Time is in decaauts)
 A = Elapsed time spent in this place.
 B = Non-inter-level travel time spent in this place.
 C = Inter-level travel time spent in this place.
 D = Time resting spent in this place.
 E = Time spent auto-exploring this place.
 F = Levels seen in this place.
 G = Mean time per level.
                   A        B        C        D        E       F      G
               +--------+--------+--------+--------+--------+-----+--------+
         Total |     89 |     70 |     19 |      0 |     28 |   2 |   44.5 |
       Dungeon |     89 |     70 |     19 |      0 |     28 |   2 |   44.5 |
               +--------+--------+--------+--------+--------+-----+--------+

Top non-repeatable levels by time:
     D:1: 49 daAuts
     D:2: 39 daAuts
